 Dungeon Crawl Stone Soup version 0.18.1-48-g4cf74bf (webtiles) character file.

501 Ladykiller69 the Shield-Bearer (level 7, -2/55 HPs)
             Began as a Formicid Fighter on Sept 8, 2016.
             Killed by divine providence
             ... invoked by an orc priest
              (14 damage)
             ... on level 4 of the Dungeon.
             The game lasted 00:10:27 (3391 turns).

Ladykiller69 the Shield-Bearer (Formicid Fighter)   Turns: 3391, Time: 00:10:27

Health: -2/55      AC: 11    Str: 22    XL:     7   Next: 40%
Magic:  7/7        EV:  6    Int:  8    God:
Gold:   165        SH: 10    Dex: 10    Spells: 0 memorised, 6 levels left

rFire  . . .     SeeInvis +     a - +0 war axe
rCold  . . .     Gourm    .     h - +0 chain mail
rNeg   + + .     Faith    .     c - +0 shield
rPois  .         Spirit   .     (helmet unavailable)
rElec  .         Dismiss  .     (no cloak)
rCorr  +         Reflect  .     i - +1 pair of gloves "Widgh" {rN++ rCorr}
SustAt .         Harm     .     (no boots)
MR     .....                    (no amulet)
Stlth  ..........               (no ring)
                                (no ring)

@: not resistant to hostile enchantments, extremely unstealthy
A: permanent stasis, dig shafts and tunnels, four strong arms, antennae 3
a: Dig, Shaft Self


You were on level 4 of the Dungeon.
You were hungry.

You visited 1 branch of the dungeon, and saw 5 of its levels.

You collected 165 gold pieces.

Inventory:

Hand Weapons
 a - a +0 war axe (weapon)
Missiles
 s - 2 tomahawks of returning (quivered)
 t - a tomahawk
Armour
 b - a +0 scale mail
 c - a +0 shield (worn)
 h - a +0 chain mail (worn)
 i - the +1 pair of gloves "Widgh" (worn) {rN++ rCorr}
   (You found it on level 4 of the Dungeon)

   It greatly protects you from negative energy.
   It protects you from acid and corrosion.
 x - a +0 pair of gloves
Jewellery
 p - a cursed ring of poison resistance {unknown}
 r - a cursed amulet of inaccuracy {unknown}
 y - an uncursed amulet of harm {unknown}
Wands
 q - a wand of paralysis (9/24)
Scrolls
 e - a scroll of teleportation {unknown}
 g - 6 scrolls of identify {unknown}
 k - a scroll of random uselessness {unknown}
 l - 3 scrolls of amnesia {unknown}
 m - 3 scrolls of recharging {unknown}
 n - 2 scrolls of remove curse {unknown}
 v - a scroll of immolation {unknown}
 A - a scroll of noise {unknown}
 C - a scroll of enchant weapon {unknown}
Potions
 d - a potion of might
 u - a potion of lignification
 w - a potion of flight
Comestibles
 f - 4 bread rations
 j - 2 meat rations


   Skills:
 - Level 4.5 Fighting
 * Level 5.4 Axes
 - Level 4.0 Armour
 + Level 5.8 Shields


You had 6 spell levels left.
You didn't know any spells.

Dungeon Overview and Level Annotations

Branches:
Dungeon (5/15)
 Temple: D:4-7

Altars:
Fedhas
Gozag
Trog
Vehumet
Zin

Annotations:
D:4 exclusion: oklob plant


Innate Abilities, Weirdness & Mutations

You are under a permanent stasis effect.
You can dig through walls and to a lower floor.
Your four strong arms can wield two-handed weapons with a shield.
You have a pair of large antennae on your head (SInv).


Message History

Beogh smites you! The orc hits you but does no damage.
The orc priest invokes the aid of Beogh against you.
Beogh smites you!
* * * LOW HITPOINT WARNING * * *
You see here 15 gold pieces.
You now have 165 gold pieces (gained 15).
The orc barely misses you. The orc hits you with a hand axe.
* * * LOW HITPOINT WARNING * * *
A necrophage comes into view.
The necrophage moves out of view.
You block the necrophage's attack. You block the necrophage's attack.
The orc priest hits you but does no damage.
You extend your mandibles.
You dig through the rock wall.
The orc priest barely misses you.
You retract your mandibles.
The orc priest closely misses you.
The orc priest mumbles some strange prayers to Beogh against you.
Beogh smites you!
You die...

#[.....{..####.......##
....o ..........##### ...
..#####...##### ###
#.####.......o.....##
##.#####.##....#####......#.
#.#........<.#....##.g......
###..........# ##.##......##
#....(.....# #. #........
#........@.# #.##o.....##
#........n.# #...{{o.....
######o#oo## ###.##{#..#.
#.##.## #......... #{##o.###
###....... #.......#
#.....#. ##......# ##....##.
#......# ##........
##.....####......###


You could see a necrophage, an orc priest and 3 orcs.

Vanquished Creatures
  An orc priest (D:3)
  2 hounds (D:4)
  2 orc wizards (D:3)
  An iguana (D:5)
  3 worker ants
  A hound skeleton (D:4)
  6 gnolls
  9 adders
  An ooze (D:1)
  2 worms
  3 dart slugs
  4 giant geckos
  12 orcs
  11 bats
  9 giant cockroaches
  10 goblins
  5 hobgoblins
  10 kobolds
  A quokka (D:2)
  3 giant newts
  4 rats
100 creatures vanquished.

Vanquished Creatures (others)
  A hobgoblin (D:4)
1 creature vanquished.

Grand Total: 101 creatures vanquished

Notes
Turn   | Place    | Note
--------------------------------------------------------------
     0 | D:1      | Ladykiller69 the Formicid Fighter began the quest for the Orb.
     0 | D:1      | Reached XP level 1. HP: 18/18 MP: 1/1
   187 | D:1      | Reached XP level 2. HP: 24/24 MP: 2/2
   566 | D:1      | Reached XP level 3. HP: 27/29 MP: 3/3
   708 | D:2      | Found a bloodstained altar of Trog.
   832 | D:2      | Reached XP level 4. HP: 34/37 MP: 4/4
   862 | D:2      | Found an opulent altar of Gozag.
  1228 | D:2      | Reached XP level 5. HP: 41/42 MP: 5/5
  1847 | D:3      | Reached XP level 6. HP: 16/48 MP: 6/6
  2473 | D:4      | Reached skill level 5 in Shields
  2673 | D:4      | You fall through a shaft!
  2673 | D:5      | Entered Level 5 of the Dungeon
  2940 | D:5      | Found a glowing silver altar of Zin.
  3021 | D:5      | Reached XP level 7. HP: 38/55 MP: 7/7
  3029 | D:5      | Reached skill level 5 in Axes
  3088 | D:5      | Found a radiant altar of Vehumet.
  3136 | D:4      | Found a blossoming altar of Fedhas.
  3146 | D:4      | Noticed an oklob plant
  3333 | D:4      | Got a pair of slimy gloves
  3345 | D:4      | Identified the +1 pair of gloves "Widgh" {rN++ rCorr} (You found it on level 4 of the Dungeon)
  3391 | D:4      | Killed from afar by an orc priest

Skill      XL: |  1  2  3  4  5  6  7 |
---------------+----------------------+-----
Axes           | 3 4 5 |  5.4
Shields        | 4 5 |  5.8
Armour         | 4 |  4.0
Fighting       | 4 |  4.5

Action                   |  1- 3 |  4- 6 |  7- 9 || total
-------------------------+-------+-------+-------++-------
Melee: War axe           |    83 |   223 |    68 ||   374
 Abil: Dig               |       |     5 |     2 ||     7
       Shaft Self        |       |     1 |       ||     1
  Use: Potion            |       |       |     6 ||     6
  Eat: Chunk             |       |     8 |     1 ||     9
Armor: Chain mail        |    54 |   102 |    41 ||   197
       Skin              |       |       |     9 ||     9
Dodge: Dodged            |    22 |    58 |    18 ||    98
Block: Shield            |    38 |   110 |    51 ||   199
